 Dungeon Crawl Stone Soup version 0.23.1-37-gaa34b87 (webtiles) character file.

Game seed: 1337706061766203996

438 Arkeny the Thaumaturge (level 6, -1/32 HPs)
             Began as a Deep Elf Wizard on Mar 23, 2019.
             Was an Initiate of Vehumet.
             Killed from afar by an orc wizard (6 damage)
             ... with a magic dart
             ... on level 4 of the Dungeon.
             The game lasted 01:12:35 (6750 turns).

Arkeny the Thaumaturge (Deep Elf Wizard)            Turns: 6750, Time: 01:12:35

Health: -1/32      AC:  4    Str:  4    XL:     6   Next: 69%
Magic:  23/29      EV: 13    Int: 25    God:    Vehumet [......]
Gold:   298        SH:  0    Dex: 13    Spells: 18/23 levels left

rFire    . . .     SeeInvis .   f - +2 short sword (drain)
rCold    x x .     Gourm    .   (no shield)
rNeg     . . .     Faith    .   m - +2 robe {MR+}
rPois    .         Spirit   .   b - +0 hat
rElec    .         Reflect  .   (no cloak)
rCorr    .         Harm     .   (no gloves)
MR       +....                  (no boots)
Stlth    ++........             (no amulet)
HPRegen  0.10/turn              l - ring of magical power
MPRegen  0.21/turn              (no ring)

@: no status effects
A: [cold vulnerability 2]
a: Renounce Religion


You were on level 4 of the Dungeon.
You worshipped Vehumet.
Vehumet was noncommittal.
You were near starving.

You visited 2 branches of the dungeon, and saw 6 of its levels.

You collected 298 gold pieces.

Inventory:

Hand Weapons
 f - a +2 short sword of draining (weapon)
Armour
 b - a +0 hat (worn)
 m - a +2 robe of magic resistance (worn)
Jewellery
 k - an uncursed amulet of faith
 l - a ring of magical power (left hand)
Wands
 o - a wand of random effects (21)
Scrolls
 a - 4 scrolls of fog {unknown}
 c - 2 scrolls of immolation {unknown}
 e - 2 scrolls of fear {unknown}
 h - a scroll of amnesia {unknown}
 i - 5 scrolls of remove curse
 r - 3 scrolls of identify
 v - a scroll of blinking {unknown}
 w - a scroll of teleportation {unknown}
Potions
 d - a potion of flight {unknown}
 g - 2 potions of degeneration {unknown}
 j - 2 potions of resistance {unknown}
 p - 3 potions of curing {unknown}
 q - a potion of might {unknown}
 u - 2 potions of haste {unknown}
Comestibles
 t - 2 rations


   Skills:
 - Level 2.4 Dodging
 - Level 2.4 Stealth
 * Level 9.0 Spellcasting
 - Level 1.1 Conjurations
 * Level 4.1 Summonings
 - Level 1.1 Translocations


You had 18 spell levels left.
You knew the following spells:

 Your Spells              Type           Power        Failure   Level  Hunger
a - Magic Dart            Conj           ###.         3%          1    None
b - Blink                 Tloc           N/A          5%          2    None
c - Call Imp              Summ           ####....     1%          2    None

Your spell library contained the following spells:

 Spells                   Type           Power        Failure   Level  Hunger
 Slow                     Hex            ##......     9%          2    None
 Conjure Flame            Conj/Fire      ##......     13%         3    None
 Mephitic Cloud           Conj/Pois/Air  ##......     14%         3    None


Dungeon Overview and Level Annotations

Branches:
Dungeon (5/15)             Temple (1/1) D:5

Altars:
Cheibriados
Dithmenos
Elyvilon
Gozag
Hepliaklqana
Kikubaaqudgha
Makhleb
Okawaru
Qazlal
Sif Muna
Trog
Uskayaw
Vehumet
Wu Jian
Xom
Yredelemnul
Zin
The Shining One


Innate Abilities, Weirdness & Mutations

[You are very vulnerable to cold. (rC--)]


Message History

Your crimson imp easily resists.
The orc hits your white imp but does no damage.
Something hits your white imp. The orc misses your crimson imp.
Something hits your white imp.
You swap places.
The orc closely misses your crimson imp.
Your crimson imp blinks!
You swap places.
Something barely misses you.
You swap places.
The orc barely misses your crimson imp.
Something barely misses your crimson imp.
The orc closely misses your crimson imp.
Something barely misses your crimson imp.
The orc closely misses your crimson imp.
Your crimson imp blinks!
An orc wizard appears from thin air!
Reactivating autopickup.
Your crimson imp barely misses the orc wizard.
The orc wizard gestures at you while chanting.
The magic dart hits you.
You die...

#.##.####.#.#.....# ###.## #....
#.##.#....#.#.....# #....###.###
#.##.#.####.#.....# #....#......
#.##.#.####.##+#######....####...
#.>........5.................'...
#.##...........o5......#.#####...
#.##########...o5......#.# #...
#.#.......##......(....#.# #...
..........##....@......#.########
..........##.....................
....##.(.................########
....##.................[.#.....#.
....##................#..#.###.##
....##................#..#.# #.#.
###..............)....#.(#.###.#.
#............#.######..#.......
#............#.# #..#####.##


You could see an orc wizard, an orc, 2 friendly crimson imps and a friendly
white imp.

Vanquished Creatures
  A phantom (D:4)
  A hound (D:3)
  2 dart slugs
  4 leopard geckos
  An orc (D:3)
  2 ball pythons
  2 bats
  3 giant cockroaches
  9 hobgoblins
  2 jackals (D:1)
  5 kobolds
  A frilled lizard (D:1)
  8 goblins
  6 rats
47 creatures vanquished.

Vanquished Creatures (collateral kills)
  Sigmund (D:3)
  An ogre (D:4)
  3 hounds (D:4)
  A centaur skeleton (D:4)
  An iguana (D:4)
  3 worker ants (D:4)
  4 gnolls (D:2)
  A howler monkey skeleton (D:4)
  2 adders (D:3)
  An ooze (D:1)
  An adder skeleton (D:3)
  4 worms
  A dart slug (D:1)
  A leopard gecko (D:5)
  6 orcs
  2 giant cockroaches
  3 goblins
  4 hobgoblins
  2 jackals (D:2)
  2 kobolds (D:1)
  2 frilled lizards
  A jackal skeleton (D:4)
47 creatures vanquished.

Vanquished Creatures (others)
  A frilled lizard (D:3)
1 creature vanquished.

Grand Total: 95 creatures vanquished

Notes
Turn   | Place    | Note
-------+----------+-------------------------------------------
     0 | D:1      | Arkeny the Deep Elf Wizard began the quest for the Orb.
     0 | D:1      | Reached XP level 1. HP: 10/10 MP: 7/7
   112 | D:1      | Reached skill level 5 in Spellcasting
   229 | D:1      | Reached XP level 2. HP: 15/15 MP: 2/10
   318 | D:1      | Learned a level 2 spell: Blink
   341 | D:1      | Learned a level 2 spell: Call Imp
   827 | D:1      | Reached XP level 3. HP: 19/19 MP: 8/12
   834 | D:1      | Reached skill level 6 in Spellcasting
  2087 | D:2      | Reached XP level 4. HP: 24/24 MP: 10/14
  2244 | D:2      | Reached skill level 7 in Spellcasting
  2777 | D:3      | Found an opulent altar of Gozag.
  3182 | D:3      | Noticed Sigmund
  3953 | D:3      | Killed Sigmund
  3953 | D:3      | Reached skill level 8 in Spellcasting
  3953 | D:3      | Reached XP level 5. HP: 22/28 MP: 14/17
  4072 | D:3      | Found a stormy altar of Qazlal.
  4390 | D:3      | Became a worshipper of Qazlal Stormbringer
  4555 | D:4      | Reached XP level 6. HP: 30/32 MP: 19/19
  4568 | D:4      | Found a hazy altar of Hepliaklqana.
  5732 | D:4      | Found a glowing silver altar of Zin.
  5732 | D:4      | Found an iron altar of Okawaru.
  6038 | D:5      | Entered Level 5 of the Dungeon
  6038 | D:5      | Found a staircase to the Ecumenical Temple.
  6054 | Temple   | Entered the Ecumenical Temple
  6252 | Temple   | Fell from the grace of Qazlal
  6252 | Temple   | Became a worshipper of Vehumet
  6440 | D:4      | Reached skill level 9 in Spellcasting
  6750 | D:4      | Killed from afar by an orc wizard

Skill      XL: |  1  2  3  4  5  6 |
---------------+-------------------+-----
Spellcasting   | 5 6 8 9 |  9.0
Summonings     | 2 3 4 |  4.1
Dodging        | |  2.4
Stealth        | |  2.4
Conjurations   | |  1.1
Translocations | |  1.1

Action                   |  1- 3 |  4- 6 || total
-------------------------+-------+-------++-------
Melee: Unarmed           |     1 |       ||     1
       Short sword       |       |     3 ||     3
 Cast: Magic Dart        |    71 |    67 ||   138
       Call Imp          |    21 |   115 ||   136
       Blink             |     2 |       ||     2
  Use: Scroll            |     1 |     2 ||     3
  Eat: Ration            |     1 |     3 ||     4
       Chunk             |       |     2 ||     2
Armor: Robe              |     7 |    11 ||    18
Dodge: Dodged            |    55 |    90 ||   145
